 Dungeon Crawl Stone Soup version 0.26-a0-613-g4f23886233 (webtiles) character file.

Game seed: 556655417612260466

9082 MrRokkomies the Carver (level 11, -3/72 HPs)
             Began as a Tengu Gladiator on Sept 11, 2020.
             Was an Initiate of Gozag.
             Killed from afar by an orc wizard (9 damage)
             ... with a magic dart
             ... on level 11 of the Dungeon.
             The game lasted 00:18:02 (12054 turns).

MrRokkomies the Carver (Tengu Gladiator)           Turns: 12054, Time: 00:18:04

Health: -3/72      AC:  7    Str: 18    XL:     11   Next: 40%
Magic:  12/12      EV: 22    Int: 11    God:    Gozag
Gold:   1050       SH:  5    Dex: 16    Spells: 5/10 levels left

rFire    . . .     SeeInvis +   a - +9 sword of Zonguldrok {reap}
rCold    x . .     Faith    .   (no shield)
rNeg     + + .     Spirit   .   G - +1 scale mail "Pauxker" {rC- rN++ Str+3 SInv}
rPois    .         Reflect  +   c - +0 hat
rElec    .         Harm     .   (no cloak)
rCorr    .                      (no gloves)
MR       .....                  (boots unavailable)
Stlth    ..........             f - amulet of reflection
HPRegen  0.22/turn              w - +4 ring of evasion
MPRegen  0.13/turn              (no ring)

@: gold aura, flying quickly and evasively, quick
A: beak, talons 3, able to fly
a: Stop Flying, Potion Petition, Call Merchant, Bribe Branch, Renounce Religion


You were on level 11 of the Dungeon.
You worshipped Gozag.
Gozag was most pleased with you.
You visited 1 branch of the dungeon, and saw 11 of its levels.

You collected 2450 gold pieces.
You spent 687 gold pieces at shops.
You paid 713 gold pieces to Gozag.

Inventory:

Hand Weapons
 a - the +9 sword of Zonguldrok (weapon) {reap}
   (You found it on level 8 of the Dungeon)

   If a monster killed with it leaves a corpse in good enough shape, the corpse
   will be animated as a zombie friendly to the killer.
 b - a +0 fustibalus
 j - the +8 long sword "Sankaist" {antimagic, rF+ rN+}
   (You bought it in a shop on level 10 of the Dungeon)

   It reduces the magical energy of the wielder, and disrupts the spells and
   magical abilities of those hit.
   Natural abilities and divine invocations are not affected.
   It protects you from fire.
   It protects you from negative energy.
 H - a +1 dagger of venom
Missiles
 d - 3 throwing nets
 p - 33 poisoned darts (quivered)
 q - 101 sling bullets
 M - 8 curare-tipped darts
Armour
 c - a +0 hat (worn)
 y - a +0 leather armour
 G - the +1 scale mail "Pauxker" (worn) {rC- rN++ Str+3 SInv}
   (You found it on level 6 of the Dungeon)

   It affects your strength (+3).
   It makes you vulnerable to cold.
   It greatly protects you from negative energy.
   It lets you see invisible.
Magical Staves
 D - an uncursed staff of conjuration
Jewellery
 f - an amulet of reflection (around neck)
 i - an uncursed amulet of regeneration {unknown}
 w - a +4 ring of evasion (left hand)
 I - an uncursed amulet of guardian spirit {unknown}
Wands
 e - a wand of random effects (51)
 v - a wand of disintegration (1)
 A - a wand of acid (7)
 C - a wand of enslavement (14)
Scrolls
 g - a scroll of enchant weapon
 h - 8 scrolls of remove curse
 n - 7 scrolls of teleportation
 x - 2 scrolls of identify
 E - a scroll of amnesia
 F - 3 scrolls of fear
 J - a scroll of blinking
 N - a scroll of fog
Potions
 k - 5 potions of heal wounds
 l - 4 potions of curing
 m - 2 potions of ambrosia
 o - 4 potions of might
 r - 2 potions of haste
 s - 2 potions of lignification {unknown}
 t - a potion of resistance {unknown}
 u - a potion of brilliance
 z - a potion of berserk rage {unknown}
 B - 2 potions of degeneration {unknown}
 L - a potion of cancellation {unknown}
 P - 2 potions of mutation {unknown}
Miscellaneous
 K - a condenser vane (2/2)
 Q - a box of beasts (3/3)


   Skills:
 - Level 10.0 Fighting
 * Level 12.5 Long Blades
 - Level 2.0 Throwing
 + Level 9.4 Dodging
 * Level 4.1 Evocations


You had 5 spell levels left.
You knew the following spells:

 Your Spells              Type           Power        Failure   Level
a - Blink                 Tloc           N/A          88%         2
b - Dazzling Flash        Conj/Hex       #.....       98%         3

Your spell library contained the following spells:

 Spells                   Type           Power        Failure   Level
 Animate Skeleton         Necr           #.....       77%         1
 Apportation              Tloc           #.....       77%         1
 Corona                   Hex            #......      77%         1
 Magic Dart               Conj           #...         77%         1
 Pain                     Necr           #...         77%         1
 Call Imp                 Summ           #.......     88%         2
 Ensorcelled Hibernation  Hex/Ice        #.....       88%         2
 Slow                     Hex            #.......     88%         2
 Confusing Touch          Hex            #.......     98%         3
 Conjure Flame            Conj/Fire      #.......     98%         3
 Lesser Beckoning         Tloc           #.........   98%         3
 Mephitic Cloud           Conj/Pois/Air  #.......     98%         3
 Tukima's Dance           Hex            #.......     98%         3
 Vampiric Draining        Necr           #.........   98%         3
 Animate Dead             Necr           #.........   100%        4
 Agony                    Necr           #.......     100%        5
 Alistair's Intoxication  Tmut/Pois      #........    100%        5
 Invisibility             Hex            #.......     100%        6


Dungeon Overview and Level Annotations

Branches:
Dungeon (11/15)            Temple (0/1) D:5             Orc (0/2) D:11
   Lair: D:8-11

Altars:
Fedhas
Gozag
Nemelex Xobeh
Trog
Vehumet
Wu Jian
Zin
Beogh

Shops:
D:10 (*=*(

Annotations:
D:8 exclusion: statue


Innate Abilities, Weirdness & Mutations

You have a beak for a mouth.
You have claws for feet.
You can fly continuously.


Message History

You barely miss the orc warrior.
The orc wizard is no longer distracted by gold.
The orc hits you from afar with a +0 trident.
The orc wizard casts a spell.
The orc wizard blinks!
You completely miss the orc warrior. Your peck misses the orc warrior.
You block the orc warrior's attack. You block the orc's attack.
You barely miss the orc warrior. Your peck misses the orc warrior.
The orc wizard casts a spell at you. The magic dart hits you!
* * * LOW HITPOINT WARNING * * *
The orc warrior hits you with a +0 halberd!
* * * LOW HITPOINT WARNING * * *
You barely miss the orc warrior. You claw the orc warrior.
The orc warrior is moderately wounded.
The orc misses you. The orc warrior closely misses you.
The orc wizard points at you and mumbles some strange words.
The magic dart hits you!
You die...
Your body crumbles into a pile of gold.

######## #......#
#......# #......#
#$oo...#
##########@.o...######
#.....................
#.....................
#...................#
#...................#
##...######.ยง........#
. #....# #..........# .
#....# #..........# .
#....# #.........## ..


You could see an orc warrior, an orc wizard (fast) and an orc.

Vanquished Creatures
  Harold (D:8)
  A troll (D:11)
  A hornet (D:11)
  2 hippogriffs
  16 yaks
  A water moccasin (D:10)
  3 orc warriors
  3 ice beasts
  A sky beast (D:11)
  2 black bears
  An ogre (D:7)
  7 centaurs
  A wyvern zombie (D:11)
  10 bullfrogs
  A wyvern skeleton (D:9)
  2 scorpions (D:5)
  3 jellies
  16 killer bees
  5 howler monkeys
  2 bullfrog zombies
  4 hounds
  2 centaur zombies
  12 orc priests
  11 orc wizards
  3 iguanas
  2 bullfrog skeletons (D:4)
  2 centaur skeletons
  Ijyb (D:4)
  4 worker ants
  A hound skeleton (D:6)
  A howler monkey zombie (D:5)
  A howler monkey skeleton (D:5)
  A worker ant zombie (D:6)
  2 gnolls (D:1)
  12 adders
  A shadow imp (D:5)
  A white imp (D:5)
  2 oozes
  2 adder zombies (D:6)
  3 adder skeletons
  2 worms (D:8)
  3 dart slugs
  7 leopard geckos
  56 orcs
  3 ball pythons
  5 giant cockroaches
  15 goblins
  8 hobgoblins
  12 jackals
  9 kobolds
  7 quokkas
  7 bats
  4 frilled lizards
  2 leopard gecko skeletons
  9 rats
296 creatures vanquished.

Notes
Turn   | Place    | Note
-------+----------+-------------------------------------------
     0 | D:1      | MrRokkomies the Tengu Gladiator began the quest for the
                  | Orb.
     0 | D:1      | Reached XP level 1. HP: 12/12 MP: 2/2
   352 | D:1      | Reached XP level 2. HP: 17/17 MP: 3/3
   636 | D:1      | Reached XP level 3. HP: 22/22 MP: 4/4
   669 | D:1      | Reached skill level 4 in Long Blades
  1397 | D:2      | Reached XP level 4. HP: 21/28 MP: 5/5
  1655 | D:2      | Found a sparkling altar of Nemelex Xobeh.
  1699 | D:2      | Found an opulent altar of Gozag.
  2137 | D:2      | Became a worshipper of Gozag Ym Sagoz the Greedy
  2604 | D:3      | Gained mutation: You can fly continuously. [Tengu growth]
  2604 | D:3      | Reached XP level 5. HP: 22/32 MP: 6/6
  3617 | D:4      | Reached skill level 5 in Long Blades
  3653 | D:4      | Reached XP level 6. HP: 30/38 MP: 7/7
  4170 | D:4      | Noticed Ijyb
  4183 | D:4      | Killed Ijyb
  4485 | D:5      | Entered Level 5 of the Dungeon
  4498 | D:5      | Reached XP level 7. HP: 44/44 MP: 8/8
  4503 | D:5      | Reached skill level 6 in Long Blades
  4514 | D:5      | Reached skill level 5 in Fighting
  4615 | D:5      | Reached skill level 5 in Dodging
  4749 | D:5      | Reached XP level 8. HP: 38/51 MP: 9/9
  4991 | D:5      | Reached skill level 7 in Long Blades
  5160 | D:5      | Found a staircase to the Ecumenical Temple.
  5853 | D:6      | Found a bloodstained altar of Trog.
  6414 | D:6      | Reached skill level 8 in Long Blades
  6559 | D:6      | Learned a level 2 spell: Blink
  6563 | D:6      | Learned a level 3 spell: Dazzling Flash
  6583 | D:6      | Got a glimmering scale mail
  6594 | D:6      | Identified the cursed +1 scale mail "Pauxker" {rC- rN++
                  | Str+3 SInv} (You found it on level 6 of the Dungeon)
  6789 | D:7      | Reached XP level 9. HP: 42/57 MP: 10/10
  7506 | D:7      | Found an ornate altar of the Wu Jian Council.
  7506 | D:7      | Found a glowing silver altar of Zin.
  7710 | D:7      | Reached skill level 9 in Long Blades
  8413 | D:8      | Noticed Harold
  8432 | D:8      | Killed Harold
  8432 | D:8      | Reached skill level 10 in Long Blades
  8432 | D:8      | Reached XP level 10. HP: 60/66 MP: 11/11
  8606 | D:8      | Found the +9 sword of Zonguldrok {reap}
  8607 | D:8      | Found a blossoming altar of Fedhas.
  8662 | D:8      | Noticed a moth of wrath
  8664 | D:8      | Found a bloodstained altar of Trog.
  8915 | D:8      | Found a radiant altar of Vehumet.
 10356 | D:10     | Entered Level 10 of the Dungeon
 10468 | D:10     | Found Xunnifypru's General Store.
 10487 | D:10     | Found Tueci's Antique Weapon Emporium.
 10514 | D:10     | Bought a smoking long sword for 212 gold pieces
 10514 | D:10     | Bought a runed scimitar for 175 gold pieces
 10514 | D:10     | Identified the +8 long sword "Sankaist" {antimagic, rF+
                  | rN+} (You bought it in a shop on level 10 of the Dungeon)
 10731 | D:10     | Reached skill level 11 in Long Blades
 10866 | D:10     | Found Bingah's Weapon Shoppe.
 10925 | D:10     | Reached skill level 10 in Fighting
 11117 | D:10     | Found Fissu's General Store.
 11120 | D:10     | Bought a condenser vane (2/2) for 300 gold pieces
 11199 | D:11     | Reached skill level 1 in Evocations
 11286 | D:11     | Reached XP level 11. HP: 72/72 MP: 12/12
 11291 | D:11     | Reached skill level 12 in Long Blades
 11516 | D:11     | Found a roughly hewn altar of Beogh.
 11665 | D:11     | Found a staircase to the Orcish Mines.
 11765 | D:11     | Identified the cursed +2 spear "Zicu Cui" {vorpal, +Blink
                  | +Fly MR- Str+5}
 12054 | D:11     | Killed from afar by an orc wizard

Illustrated notes

Levels and vault maps discovered:
D:1:      dpeg_arrival_long_road, layout_loops_ring, serial_aquarium,
          aquarium_bridge_square [aquarium_subvault_bridge,
          aquarium_subvault_window, aquarium_subvault_wall,
          aquarium_subvault_bridge], aquarium_window_1, aquarium_window_1,
          aquarium_view_2c
D:2:      layout_loops_ring, nicolae_gozag_cash_rules_everything_around_me,
          nemelex_dance_club_becter
D:3:      layout_loops_corners
D:4:      layout_loops_cross, uniq_ijyb
D:5:      layout_gridville, minmay_temple_entry_hall
D:6:      layout_loops_ring, lemuel_doored_altar
D:7:      layout_basic, gammafunk_temple_overflow_elements
D:8:      layout_loops_corners, vehumet_statue, fedhas_altar_3, tgw_trog,
          uniq_harold
D:9:      layout_grid_maze
D:10:     layout_rooms, serial_shops, shop, nicolae_shop_crystal,
          kennysheep_mini_moat, shop
D:11:     layout_irregular_city, dpeg_lair_monsters, david_orc_5

Skill      XL: |  1  2  3  4  5  6  7  8  9 10 11 |
---------------+----------------------------------+-----
Long Blades    | 4 5 6 8 10 11 12 | 12.5
Fighting       | 3 4 5 7 9 10 | 10.0
Dodging        | 4 5 6 7 9 |  9.4
Evocations     | 1 4 |  4.1
Throwing       | |  2.0

Action                   |  1- 3 |  4- 6 |  7- 9 | 10-12 || total
-------------------------+-------+-------+-------+-------++-------
Melee: Long sword        |    53 |    80 |    67 |    11 ||   211
       Kick              |    17 |    70 |   124 |    67 ||   278
       Peck              |     7 |    33 |    71 |    44 ||   155
       Dagger            |       |   102 |   243 |       ||   345
       Double sword      |       |       |       |   190 ||   190
Invok: Call Merchant     |       |       |       |     1 ||     1
 Abil: Fly               |       |       |     1 |       ||     1
Evoke: Wand              |       |       |     9 |       ||     9
  Use: Scroll            |       |     7 |     3 |     7 ||    17
       Potion            |       |     1 |     1 |       ||     2
 Stab: Sleeping          |     1 |     3 |     1 |       ||     5
       Distracted        |       |     1 |     2 |     2 ||     5
Armor: Leather armour    |     8 |    24 |     6 |       ||    38
       Scale mail        |       |       |    28 |    24 ||    52
Dodge: Dodged            |    28 |   110 |   203 |   161 ||   502
Block: Other             |    15 |    38 |    46 |    44 ||   143
       Reflection        |     1 |       |     1 |       ||     2
       Rpst.: Long sword |     7 |    21 |    10 |       ||    38
       Double sword      |       |       |       |    45 ||    45

Table legend: (Time is in decaauts)
 A = Elapsed time spent in this place.
 B = Non-inter-level travel time spent in this place.
 C = Inter-level travel time spent in this place.
 D = Time resting spent in this place.
 E = Time spent auto-exploring this place.
 F = Levels seen in this place.
 G = Mean time per level.
                   A        B        C        D        E       F      G
               +--------+--------+--------+--------+--------+-----+--------+
         Total |  11671 |  10943 |    728 |    138 |   9231 |  11 | 1061.0 |
       Dungeon |  11671 |  10943 |    728 |    138 |   9231 |  11 | 1061.0 |
               +--------+--------+--------+--------+--------+-----+--------+

Top non-repeatable levels by time:
     D:1: 1338 daAuts
     D:6: 1325 daAuts
     D:7: 1266 daAuts
     D:9: 1229 daAuts
     D:3: 1225 daAuts
     D:2: 1054 daAuts
     D:5: 913 daAuts
     D:4: 875 daAuts
    D:11: 868 daAuts
     D:8: 829 daAuts
    D:10: 744 daAuts
